 Dungeon Crawl Stone Soup version 0.16-a0-791-gf1c67de (webtiles) character file.

47 Ratboiler the Ducker (level 3, -1/15 HPs)
             Began as a Felid Transmuter on Sept 28, 2014.
             Slain by an orc wizard
             ... wielding a +0 dagger
              (3 damage)
             ... on Level 4 of the Dungeon.
             The game lasted 00:09:28 (2871 turns).

Ratboiler the Ducker (Felid Transmuter)             Turns: 2871, Time: 00:09:28

HP  -1/15        AC  1     Str  6      XL: 3   Next: 48%
MP   7/8         EV 20     Int 14      God:
Gold 82          SH  0     Dex 17      Spells:  3 memorised,  0 levels left
Lives: 0, deaths: 1

rFire  + . .     SeeInvis +       - Unarmed
rCold  . . .     Clarity  .     (armour unavailable)
rNeg   . . .     rCorr    .     (shield unavailable)
rPois  .         rRot     .     (helmet unavailable)
rElec  .         Spirit   .     (cloak unavailable)
SustAb .         Warding  .     (gloves unavailable)
rMut   .         Stasis   .     (boots unavailable)
Gourm  .                        (no amulet)
MR     .....                    (no ring)
                                x - ring of protection from fire

@: appendage (expiring), quick, not resistant to hostile enchantments,
unstealthy
A: paw claws, no armour, no weapons or thrown items, fangs 3, horns 2, see
invisible, carnivore 3, speed 1, shaggy fur 1, slow metabolism 1, jump 1
a: Jump Attack, End Transformation


You were on level 4 of the Dungeon.
You were not hungry.
You had grown temporary horns.
You visited 1 branch of the dungeon, and saw 4 of its levels.

You collected 82 gold pieces.

Inventory:

Missiles
 b - 5 arrows
Magical devices
 o - a wand of enslavement (6)
Comestibles
 a - a meat ration
 v - a royal jelly
 w - 3 rotting chunks of orc flesh
Scrolls
 c - a scroll of fog {unknown}
 h - a scroll of remove curse {unknown}
 j - 2 scrolls of magic mapping {unknown}
 k - a scroll of enchant armour {unknown}
 n - 2 scrolls of identify {unknown}
 u - a scroll of recharging {unknown}
Jewellery
 x - a ring of protection from fire (left paw)
Potions
 e - a potion of restore abilities {unknown}
 f - a potion of agility {unknown}
 g - a potion of experience {unknown}
 i - a potion of invisibility {unknown}
 l - a potion of brilliance {unknown}
 m - a potion of might {unknown}
 p - a potion of poison {unknown}
 q - a potion of degeneration {unknown}
 s - a potion of lignification {unknown}
 t - a potion of curing {unknown}
Books
 d - a book of Changes

   Spells                             Type                      Level
   *Beastly Appendage                 Transmutation                1
   *Sticks to Snakes                  Transmutation                2
   *Spider Form                       Transmutation/Poison         3
   Ice Form                           Ice/Transmutation            4
   Blade Hands                        Transmutation                5


   Skills:
 - Level 1.0 Fighting
 + Level 5.2 Dodging
 - Level 4.0 Unarmed Combat
 - Level 2.0 Spellcasting
 - Level 2.1 Transmutations


You couldn't memorise any spells.
You knew the following spells:

 Your Spells              Type           Power        Failure   Level  Hunger
a - Beastly Appendage     Trmt           #.....       12%         1    ##.....
b - Sticks to Snakes      Trmt           #.........   17%         2    ###....
c - Spider Form           Trmt/Pois      #.........   47%         3    ####...


Dungeon Overview and Level Annotations

Branches:
Dungeon (4/15)
 Temple: D:4-7

Altars:
Trog

Annotations:
D:3 Grinder, Purgy


Innate Abilities, Weirdness & Mutations

You cannot wear armour.
You are incapable of wielding weapons or throwing items.
Your paws have sharp claws.
You have razor-sharp teeth.
You have supernaturally acute eyesight.
You are carnivorous and can eat meat at any time.
You cover ground quickly.
You are covered in fur (AC +1).
You have a slow metabolism.
You can jump attack at a short distance.
You have a pair of horns on your head.


Message History

Your transformation is almost over.
The orc wizard closely misses you.
You claw the orc wizard!
The orc wizard begins to bleed from its wounds!
The orc wizard is severely wounded.
The orc wizard hits you with a dagger.
* * * LOW HITPOINT WARNING * * *
The orc wizard casts a spell at you. The puff of frost misses you.
An orc comes into view. It is wielding a club.
You closely miss the orc wizard. Your headbutt misses the orc wizard.
The orc wizard is severely wounded.
The orc wizard gestures at you while chanting.
The magic dart hits you!
* * * LOW HITPOINT WARNING * * *
Unknown command.
You scratch the orc wizard.
The orc wizard is severely wounded.
The orc wizard hits you with a dagger.
You die...

#. #.###
#....
#.$..###
#o..<###
#.o....#
#.o@.#.#
#.####.#
... #..
### ####


You could see 2 orc wizards and an orc.

Vanquished Creatures
  2 gnolls (D:2)
  2 adders (D:2)
  A worm (D:2)
  2 giant geckos
  3 orcs
  A ball python (D:1)
  4 hobgoblins
  2 jackals (D:2)
  6 kobolds
  A quokka (D:3)
  4 bats
  A giant newt (D:2)
  7 goblins
  5 rats
41 creatures vanquished.

Vanquished Creatures (collateral kills)
  2 gnolls (D:2)
2 creatures vanquished.

Grand Total: 43 creatures vanquished

Notes
Turn   | Place    | Note
--------------------------------------------------------------
     0 | D:1      | Ratboiler, the Felid Transmuter, began the quest for the Orb.
     0 | D:1      | Reached XP level 1. HP: 9/9 MP: 4/4
   871 | D:1      | Reached XP level 2. HP: 6/12 MP: 3/5
   875 | D:1      | Learned a level 2 spell: Sticks to Snakes
  1533 | D:2      | Reached skill level 4 in Unarmed Combat
  1670 | D:2      | Reached XP level 3. HP: 11/15 MP: 6/8
  2322 | D:2      | Reached XP level 4. HP: 11/19 MP: 8/10
  2515 | D:3      | Reached skill level 5 in Dodging
  2520 | D:3      | Learned a level 3 spell: Spider Form
  2615 | D:3      | Found a bloodstained altar of Trog.
  2629 | D:3      | Noticed Grinder
  2645 | D:3      | Killed from afar by Grinder
  2646 | D:3      | Reached XP level 3. HP: -7/15 MP: 8/8
  2688 | D:3      | Noticed Purgy
  2871 | D:4      | Slain by an orc wizard

Action                   |  1- 3 |  4- 6 || total
-------------------------+-------+-------++-------
Melee: Unarmed           |    95 |    14 ||   109
 Cast: Beastly Appendage |    15 |     4 ||    19
       Sticks to Snakes  |     7 |       ||     7
Evoke: Wand              |     1 |       ||     1
 Stab: Sleeping          |     2 |       ||     2
  Eat: Chunk             |    10 |     1 ||    11
